 Dungeon Crawl Stone Soup version 0.31-a0-233-g139696dc86 (webtiles) character file.

Game seed: 6203409202884843888

11 sakkuzi the Conjurer (level 2, 0/14 (18) HPs)
             Began as a Gargoyle Reaver on July 9, 2023.
             Slain by a rat (2 damage)
             ... on level 1 of the Dungeon.
             The game lasted 00:04:05 (225 turns).

sakkuzi the Conjurer (Gargoyle Reaver)               Turns: 225, Time: 00:04:06

HP:   0/14 (18)     AC:  5    Str: 15    XL:     2   Next: 25%
MP:   4/5           EV: 11    Int: 13    God:
Gold: 25            SH:  0    Dex:  8    Spells: 4/5 levels left

rFire   . . .        a - +0 mace
rCold   . . .        (no shield)
rNeg    + . .        b - +0 leather armour
rPois   ∞            (no helmet)
rElec   +            (no cloak)
rCorr   .            (no gloves)
SInv    .            (no boots)
Will    .....        (no amulet)
Stlth   +            (no ring)
HPRegen 0.22/turn    (no ring)
MPRegen 0.09/turn

%: no passive effects
@: heavily drained
A: sickness immunity, AC +2, negative energy resistance 1, electricity
resistance, torment resistance 1, petrification resistance
a: no special abilities


You were on level 1 of the Dungeon.
You visited 1 branch of the dungeon, and saw 1 of its levels.

You collected 25 gold pieces.

Inventory:

Hand Weapons
 a - a +0 mace (weapon)
Armour
 b - a +0 leather armour (worn)
 d - a scarf of harm
Scrolls
 c - a scroll of amnesia


   Skills:
 * Level 2.3 Fighting
 * Level 3.3 Maces & Flails
 + Level 0.3 Armour
 - Level 1.6 Dodging
 + Level 2.0 Spellcasting
 + Level 3.4 Conjurations


You had 4 spell levels left.
You knew the following spells:

 Your Spells              Type           Power      Damage    Failure   Level
a - Kiss of Death         Conj/Necr      20%        2d7       16%         1

Your spell library contained the following spells:

 Spells                   Type           Power      Damage    Failure   Level
 Momentum Strike          Conj/Tloc      10%        3d8       24%         2
 Hailstorm                Conj/Ice       5%         3d4       43%         3


Dungeon Overview and Level Annotations

Branches:
Dungeon (1/15)

Altars:


Innate Abilities, Weirdness & Mutations

You are immune to sickness and miasma.
Your stone body is resilient. (AC +2)
You are immune to poison.
You resist negative energy. (rN+)
You are resistant to electric shocks. (rElec)
You are resistant to unholy torment.
You are immune to petrification.


Message History

* * * LOW HITPOINT WARNING * * *
As you read the scroll labelled SUAJENY DISO, it crumbles to dust.
It is a scroll of amnesia.
Okay, then.
The endoplasm closely misses you. The rat bites you but does no damage.
Sorry, you're not good enough to have a special ability.
Casting: Kiss of Death (safe; 16% risk of failure)
Confirm with . or Enter, or press ? or * to list all spells.
Okay, then.
Casting: Kiss of Death (safe; 16% risk of failure)
Confirm with . or Enter, or press ? or * to list all spells.
Aiming: Kiss of Death (safe; 16% risk of failure)
Press: ? - help, Shift-Dir - straight line, f - endoplasm
Aim: an endoplasm (100% to hit)
Okay, then.
Casting: Kiss of Death (safe; 16% risk of failure)
Confirm with . or Enter, or press ? or * to list all spells.
Okay, then.
Casting: Kiss of Death (safe; 16% risk of failure)
Confirm with . or Enter, or press ? or * to list all spells.
Okay, then.
Unknown command.
Hit: a) +0 mace
Press: ? - help, Dir - move target, f - endoplasm
Aim: an endoplasm (about 15% to evade your +0 mace)
Okay, then.
Okay, then.
Press: ? - help, v - describe, . - travel The floor.
Casting: Kiss of Death (safe; 16% risk of failure)
Confirm with . or Enter, or press ? or * to list all spells.
Aiming: Kiss of Death (safe; 16% risk of failure)
Press: ? - help, Shift-Dir - straight line, f - endoplasm
Aim: an endoplasm (100% to hit)
The negative energy hits the endoplasm.
The endoplasm is drained!
You kill the endoplasm!
You feel drained. The rat completely misses you.
Sorry, you're not good enough to have a special ability.
The rat bites you.
You die...

#......#
##########....##
#
######'#########
#...## #
#.....†.# #....#
##...## #
#.......# #....#
###..## #
#.......# #....#
##..###
#.......# #....#
##..##
######'####....#
##..#
####.###....r#
##..
#...†.##....@#
##.
#......†...###
## #....##....#
# #....##....# #
#....##....# #
#....###...# #
#....# #...#
#....# #...'...#
#....#
#...##.....


You could see a rat.

Vanquished Creatures
  A ball python (D:1)
  An endoplasm (D:1)
  2 giant cockroaches (D:1)
  A goblin (D:1)
  2 hobgoblins (D:1)
  A frilled lizard (D:1)
  A kobold (D:1)
9 creatures vanquished.

Notes
Turn   | Place    | Note
-------+----------+-------------------------------------------
     0 | D:1      | sakkuzi the Gargoyle Reaver began the quest for the Orb.
     0 | D:1      | Reached XP level 1. HP: 12/12 MP: 3/3
   176 | D:1      | Reached XP level 2. HP: 17/17 MP: 5/5
   225 | D:1      | Slain by a rat

Illustrated notes

Levels and vault maps discovered:
D:1:      dpeg_chamrin_arrival_tetris, layout_basic,
          hellmonk_ecumenical_altar_blasted, serial_shops, shop, minmay_tripent

Action                     || total
---------------------------++-------
  Melee: Mace              ||    24
   Cast: Kiss of Death     ||     1
    Use: Scroll            ||     1
 Armour: Leather armour    ||    13
  Dodge: Dodged            ||    15

Table legend: (Time is in decaauts)
 A = Elapsed time spent in this place.
 B = Non-inter-level travel time spent in this place.
 C = Inter-level travel time spent in this place.
 D = Time resting spent in this place.
 E = Time spent auto-exploring this place.
 F = Levels seen in this place.
 G = Mean time per level.
                   A        B        C        D        E       F      G
               +--------+--------+--------+--------+--------+-----+--------+
         Total |    230 |    230 |      0 |      2 |      3 |   1 |  230.0 |
       Dungeon |    230 |    230 |      0 |      2 |      3 |   1 |  230.0 |
               +--------+--------+--------+--------+--------+-----+--------+

Top non-repeatable levels by time:
     D:1: 230 daAuts
